nht, chaotic female elven Wizard --- ... |...| |@@.. #....| ---+ nht the Thaumaturge Experience level: 6 Strength: 10 Dexterity: 10 Constitution: 14 Intelligence: 18 Wisdom: 13 Charisma: 9 Health: 0(32) Energy: 36(67) Def: 5 Gold: 309 Moves: 1564 Dungeon seed: sVke97QB1XvpBUhJ Game ID: nht_1432820371 Your Inventory: Coins $ - 309 gold pieces Weapons a - a blessed +1 quarterstaff Armor e - an uncursed +0 cloak of magic resistance (being worn) Scrolls j - a blessed scroll of blank paper k - an uncursed scroll of identify p - an uncursed scroll of enchant weapon q - an uncursed scroll of blank paper H - 3 uncursed scrolls of enchant armor I - 2 uncursed scrolls of confuse monster O - 2 uncursed scrolls of blank paper P - a cursed scroll of blank paper R - 2 uncursed scrolls of earth Spellbooks Q - a blessed spellbook of blank paper Potions g - an uncursed potion of gain ability h - a blessed potion of confusion m - an uncursed potion of hallucination u - an uncursed potion of restore ability E - a potion of unholy water L - 2 uncursed potions of extra healing W - an uncursed potion of confusion Rings c - an uncursed ring of see invisible d - an uncursed +4 ring of protection (on left hand) S - a cursed +0 ring of gain strength Z - a cursed ring of teleportation Wands F - a wand of locking (0:3) K - a wand of light (0:10) V - a wand of make invisible (0:4) Tools b - an uncursed sack f - an uncursed stethoscope i - an uncursed oil lamp (lit) (0:470) n - a magic marker (0:42) o - an uncursed leather drum t - an uncursed blindfold v - an uncursed lock pick x - a +0 pick-axe (weapon in hand) B - 10 uncursed tallow candles (0:200) M - an uncursed tin whistle U - a horn of plenty (0:10) Gems r - 2 uncursed worthless pieces of yellow glass y - an uncursed worthless piece of black glass N - an uncursed worthless piece of green glass Y - an uncursed fluorite stone Spells known in the end: Name Level Category Fail Memory a - force bolt 1 attack 0% 93% b - magic missile 2 attack 0% 93% c - identify 3 divination 77% 93% d - detect monsters 1 divination 0% 97% Your skills at the end: Fighting Skills Weapon Skills quarterstaff [Basic] Spellcasting Skills attack spells [Basic] enchantment spells [Basic] Final Attributes: You were piously aligned. You were sleep resistant. You were magic-protected. You saw invisible. You had infravision. You were protected. You are dead. Vanquished creatures: a shocking sphere a dwarf lord 2 gnome lords a floating eye 4 dwarves an orc zombie a hobbit 5 giant rats a brown mold 12 gnomes a gecko 4 jackals a fox a sewer rat a grid bug 2 lichens 2 kobold zombies 2 newts 43 creatures vanquished. Voluntary challenges: You followed a strict vegan diet. You used a wielded weapon 45 times, starting on turn 24. You read items or engraved 19 times, starting on turn 363. You never genocided any monsters. You never polymorphed an object. You never changed form. You used no wishes. You never split a pudding. You wrote Elbereth's name 15 times, starting on turn 363. You never violated your personal moral code. You disabled loading bones files. Dungeon overview: The Dungeons of Doom: levels 1 to 24 Level 1 an altar to Ptah a long staircase Level 2 Level 3 stairs to The Gnomish Mines Level 4 Level 5 Level 6 Level 7 (blackcorn) a general store stairs to Sokoban Level 8 Level 9 a general store Level 10 Level 11 a fountain Level 12 (chauns) Level 13 (temple, quest) a sink Level 14 Level 15 an altar to Ptah Level 16 Level 17 Level 18 (shop) a fountain Level 19 (chauns) Level 20 (graves) Level 21 Level 22 (temple) Level 23 a fountain Level 24 <- You were here The Gnomish Mines: levels 4 to 6 Level 4 stairs to The Dungeons of Doom Level 5 Level 6 some shops, a temple to Ptah, some fountains Sokoban: Level 6 stairs to The Dungeons of Doom History has recorded: On T:1 you entered the Dungeons of Doom to retrieve the Amulet of Yendor! On T:73 you reached level 2 of The Dungeons of Doom. On T:188 you reached level 3 of The Dungeons of Doom. On T:296 you advanced to experience level 2. On T:299 you reached level 1 of The Gnomish Mines. On T:302 you advanced to experience level 3. On T:402 you advanced to experience level 4. On T:406 you reached level 2 of The Gnomish Mines. On T:473 you advanced to experience level 5. On T:480 you reached level 3 of The Gnomish Mines. On T:771 you reached level 4 of The Dungeons of Doom. On T:813 you reached level 5 of The Dungeons of Doom. On T:817 you reached level 6 of The Dungeons of Doom. On T:839 you reached level 7 of The Dungeons of Doom. On T:844 you reached level 4 of Sokoban. On T:955 you reached level 8 of The Dungeons of Doom. On T:1010 you reached level 9 of The Dungeons of Doom. On T:1045 you reached level 10 of The Dungeons of Doom. On T:1090 you advanced to experience level 6. On T:1181 you reached level 11 of The Dungeons of Doom. On T:1231 you reached level 12 of The Dungeons of Doom. On T:1254 you reached level 13 of The Dungeons of Doom. On T:1277 you reached level 14 of The Dungeons of Doom. On T:1299 you reached level 15 of The Dungeons of Doom. On T:1374 you reached level 16 of The Dungeons of Doom. On T:1400 you reached level 17 of The Dungeons of Doom. On T:1424 you reached level 18 of The Dungeons of Doom. On T:1427 you reached level 19 of The Dungeons of Doom. On T:1452 you reached level 20 of The Dungeons of Doom. On T:1478 you reached level 21 of The Dungeons of Doom. On T:1500 you reached level 22 of The Dungeons of Doom. On T:1536 you reached level 23 of The Dungeons of Doom. On T:1564 you reached level 24 of The Dungeons of Doom. Score breakdown: Gold: 309 ( 8474 points) Experience: 6 levels (12456 points) Exploration: 24 levels ( 48.00%) (20553 points) Discoveries: 12 items ( 4.33%) ( 6244 points) Valuables value: (no points given unless you survive) Artifact value: 0 ( 0 points) Variety of kills: 18 monsters ( 4.75%) ( 6537 points) Time penalty: 1564 turns ( 0 points) Survival: died (score multiplied by 80%) Total score: 43411 Latest messages: v - an uncursed lock pick. y - an uncursed black gem. A black gem lands on the altar. A green gem lands on the altar. (2x) You drop a murky potion. You sold a murky potion for 75 gold pieces. You drop a black potion. You sold a black potion for 25 gold pieces. You drop a potion called dg2 (unpaid, 266 zorkmids). You continue digging downward. You dig a hole through the floor. You fall through... The lieutenant wields a long sword! The lieutenant swings his long sword. The lieutenant hits! You die... Final status: Goodbye nht the Wizard, killed by a lieutenant... You died in The Dungeons of Doom on dungeon level 24 with 43411 points, and 309 pieces of gold, after 1564 moves. You were level 6 with a maximum of 32 hit points when you died.